 Dungeon Crawl Stone Soup version 0.20.0-7-g3b7b877 (webtiles) character file.

145 JustSomeDude the Skirmisher (level 5, -1/42 HPs)
             Began as a Demonspawn Fighter on May 29, 2017.
             Slain by a gnoll
             ... wielding a +0 spear
              (2 damage)
             ... on level 3 of the Dungeon.
             The game lasted 00:04:21 (1853 turns).

JustSomeDude the Skirmisher (Demonspawn Fighter)    Turns: 1853, Time: 00:04:22

Health: -1/42      AC:  6    Str: 17    XL:     5   Next: 6%
Magic:  5/5        EV:  7    Int: 10    God:
Gold:   132        SH:  9    Dex: 12    Spells: 4/4 levels left

rFire    . . .     SeeInvis .   a - +0 war axe
rCold    + . .     Gourm    .   c - +0 shield
rNeg     . . .     Faith    .   b - +0 scale mail
rPois    .         Spirit   .   (no helmet)
rElec    .         Reflect  .   (no cloak)
rCorr    .         Harm     .   (no gloves)
MR       +....                  (no boots)
Stlth    ..........             s - amulet of regeneration (curse)
Regen    0.6/turn               (no ring)
MPRegen  0.1/turn               w - ring of protection from magic

@: no status effects
A: hooves 2, cold resistance 1
a: no special abilities


You were on level 3 of the Dungeon.
You were hungry.

You visited 1 branch of the dungeon, and saw 3 of its levels.

You collected 132 gold pieces.

Inventory:

Hand Weapons
 a - a +0 war axe (weapon)
Missiles
 l - 6 tomahawks (quivered)
Armour
 b - a +0 scale mail (worn)
 c - a +0 shield (worn)
Jewellery
 q - an uncursed ring of protection from cold
 s - a cursed amulet of regeneration (around neck)
 t - a +2 amulet of reflection {unknown}
 w - a ring of protection from magic (right hand)
 x - an uncursed ring of fire
Scrolls
 e - 2 scrolls of identify {unknown}
 h - 2 scrolls of recharging {unknown}
 i - 2 scrolls of remove curse {unknown}
 j - a scroll of magic mapping {unknown}
 o - 2 scrolls of amnesia {unknown}
 u - 2 scrolls of teleportation {unknown}
 v - a scroll of fear {unknown}
Potions
 d - a potion of might
 g - 2 potions of resistance {unknown}
 m - a potion of brilliance {unknown}
 n - 2 potions of flight {unknown}
 r - a potion of curing {unknown}
 A - 2 potions of magic {unknown}
Comestibles
 f - 2 bread rations
 k - a royal jelly
 p - 2 fruits
 z - 13 chunks of flesh


   Skills:
 + Level 3.7 Fighting
 + Level 3.3 Axes
 + Level 3.2 Armour
 + Level 0.3 Dodging
 + Level 3.3 Shields


You had 4 spell levels left.
You didn't know any spells.

Dungeon Overview and Level Annotations

Branches:
Dungeon (3/15)

Altars:
Vehumet


Innate Abilities, Weirdness & Mutations

You have hoof-like feet.
Your flesh is cold resistant. (rC+)


Message History

You closely miss the gnoll. x2; You block the gnoll's attack.
The gnoll hits you.
* * * LOW HITPOINT WARNING * * *
You block the gnoll's attack. The gnoll barely misses you.
You closely miss the gnoll.
The gnoll is heavily wounded.
Your shield and scale mail prevent you from hitting the gnoll.
You slash the gnoll! The gnoll hits you.
* * * LOW HITPOINT WARNING * * *
You block the gnoll's attack. x3
Some of the chunks of flesh in your inventory have rotted away.
You closely miss the gnoll.
The gnoll is heavily wounded.
You hit the gnoll. x2; The gnoll barely misses you.
You block the gnoll's attack. The gnoll hits you.
* * * LOW HITPOINT WARNING * * *
The gnoll hits you!
* * * LOW HITPOINT WARNING * * *
The gnoll hits you with a spear.
You die...

#....# #....#
#....# #....#
#.)).##### #
##.......#.##
#.$.........
######..%ggg.#.#
#!.....%..@..#
..#)##........<#
............###
###.###......#
.. #......# #.
#......# .
.......#
.#......#


You could see 3 gnolls.

Vanquished Creatures
  A howler monkey (D:3)
  A gnoll (D:3)
  3 adders
  2 worms
  A dart slug (D:1)
  5 orcs (D:3)
  2 giant cockroaches (D:3)
  7 goblins
  7 hobgoblins
  8 jackals (D:3)
  9 bats
  3 frilled lizards
  4 kobolds
  5 rats
58 creatures vanquished.

Vanquished Creatures (others)
  A rat (D:2)
1 creature vanquished.

Grand Total: 59 creatures vanquished

Notes
Turn   | Place    | Note
-------+----------+-------------------------------------------
     0 | D:1      | JustSomeDude the Demonspawn Fighter began the quest for the Orb.
     0 | D:1      | Reached XP level 1. HP: 18/18 MP: 1/1
    90 | D:1      | Gained mutation: You have large cloven feet. [demonic ancestry]
    90 | D:1      | Reached XP level 2. HP: 8/24 MP: 2/2
   769 | D:2      | Found a radiant altar of Vehumet.
  1112 | D:2      | Reached XP level 3. HP: 28/29 MP: 3/3
  1668 | D:3      | Gained mutation: You have hoof-like feet. [demonic ancestry]
  1668 | D:3      | Reached XP level 4. HP: 34/36 MP: 4/4
  1841 | D:3      | Gained mutation: Your flesh is cold resistant. (rC+) [demonic ancestry]
  1841 | D:3      | Reached XP level 5. HP: 40/42 MP: 5/5
  1853 | D:3      | HP: 1/42 [gnoll (7)]
  1853 | D:3      | Slain by a gnoll

Skill      XL: |  1  2  3  4 |
---------------+-------------+-----
Axes           | 2 3 |  3.3
Armour         | 3 |  3.2
Shields        | 3 |  3.3
Fighting       | |  3.7
Dodging        | |  0.3

Action                   |  1- 3 |  4- 6 || total
-------------------------+-------+-------++-------
Melee: War axe           |   143 |    56 ||   199
       Kick              |    28 |    11 ||    39
  Use: Scroll            |     1 |       ||     1
  Eat: Chunk             |     3 |       ||     3
Armor: Scale mail        |    75 |    32 ||   107
Dodge: Dodged            |    53 |    25 ||    78
Block: Shield            |    91 |    47 ||   138
